 Dungeon Crawl Stone Soup version 0.17-a0-1923-gc35365e (webtiles) character file.

777 hexophile the Cleaver (level 7, -6/57 HPs)
             Began as a Centaur Berserker on Sept 28, 2015.
             Was a Believer of Trog.
             Mangled by an ogre
             ... wielding a +0 giant spiked club
              (16 damage)
             ... on level 5 of the Dungeon.
             The game lasted 00:07:00 (4536 turns).

hexophile the Cleaver (Centaur Berserker)           Turns: 4536, Time: 00:07:00

Health: -6/57      AC: 11    Str: 20    XL:     7   Next: 54%
Magic:  7/7        EV:  4    Int:  6    God:    Trog [**....]
Gold:   94         SH:  0    Dex: 10    Spells: 0 memorised, 6 levels left

rFire  + . .     SeeInvis .     a - +0 hand axe
rCold  . . .     Clarity  .     l - +0 plate armour
rNeg   + . .     SustAt   .     (no shield)
rPois  .         Gourm    .     r - +0 helmet
rElec  .         Spirit   .     u - +1 cloak
rCorr  .         Warding  .     (no gloves)
rMut   .         Stasis   .     (no barding)
MR     .....                    (no amulet)
Stlth  ..........               s - ring of protection from fire
                                i - ring of positive energy

@: very quick, not resistant to hostile enchantments, extremely unstealthy
A: hooves 3, deformed body, speed 2, tough skin 3
a: Burn Spellbooks, Berserk, Trog's Hand, Renounce Religion


You were on level 5 of the Dungeon.
You worshipped Trog.
Trog was pleased with you.
You were very full.

You visited 1 branch of the dungeon, and saw 5 of its levels.

You collected 147 gold pieces.
You spent 53 gold pieces at shops.


Innate Abilities, Weirdness & Mutations

You have hooves in place of feet.
Armour fits poorly on your strangely shaped body.
You cover ground very quickly.
You have extremely tough skin (AC +3).

Inventory:

Hand weapons
 a - a +0 hand axe (weapon)
Armour
 l - a +0 plate armour (worn)
 r - a +0 helmet (worn)
 u - a +1 cloak (worn)
Jewellery
 i - a ring of positive energy (left hand)
 s - a ring of protection from fire (right hand)
Scrolls
 b - 3 scrolls of remove curse
 e - a scroll of random uselessness
 k - 4 scrolls of identify
 o - a scroll of teleportation
Potions
 g - a potion of might
 m - 2 potions of curing {unknown}
 p - 2 potions of flight
 q - a potion of resistance {unknown}
 v - a potion of haste {unknown}
Comestibles
 c - 4 chunks of flesh
 f - 3 fruits
 h - a beef jerky
 j - 3 meat rations


You had 6 spell levels left.
You didn't know any spells.


   Skills:
 - Level 3.0 Fighting
 + Level 8.2 Axes
 - Level 1.3 Armour
 - Level 1.3 Dodging

Dungeon Overview and Level Annotations

Branches:
Dungeon (5/15)
 Temple: D:4-7

Altars:
Fedhas
Gozag
Okawaru
Yredelemnul

Shops:
D:4 *

Vault maps used:
D:1:      dpeg_arrival_concentric_ovals
D:2:      okawaru_trees_2, fedhas_altar_3
D:3:      lemuel_crystal_altar, first_bread, uniq_crazy_yiuf_cottage
D:4:      serial_shops, shop
D:5:      old_standard_altar, nicolae_overflow_hidden_temple,
          lemuel_coloured_pillars_altar

Vault maps used:
D:1:      dpeg_arrival_concentric_ovals
D:2:      okawaru_trees_2, fedhas_altar_3
D:3:      lemuel_crystal_altar, first_bread, uniq_crazy_yiuf_cottage
D:4:      serial_shops, shop
D:5:      old_standard_altar, nicolae_overflow_hidden_temple,
          lemuel_coloured_pillars_altar
You       could see an ogre.


Message History

The crimson imp hits you but does no damage.
Found a short sword.
You closely miss the crimson imp.
The crimson imp hits you but does no damage.
You miss the crimson imp.
The crimson imp blinks!
The crimson imp hits you.
There is a stone staircase leading up here.
You completely miss the crimson imp. Your kick misses the crimson imp.
The crimson imp hits you but does no damage.
You closely miss the crimson imp. The crimson imp hits you.
You hit the crimson imp but do no damage.
You hit the crimson imp but do no damage.
Your kick misses the crimson imp.
The crimson imp lashes its tail.
The crimson imp hits you.
Your plate armour prevents you from hitting the crimson imp.
You kick the crimson imp.
The crimson imp hits you but does no damage.
You hit the crimson imp but do no damage.
Your kick misses the crimson imp.
The crimson imp hits you but does no damage.
You hit the crimson imp. Your kick misses the crimson imp.
The crimson imp puffs mist at you.
The crimson imp hits you but does no damage.
You hit the crimson imp but do no damage.
You kick the crimson imp.
The crimson imp hits you but does no damage.
You slash the crimson imp! Your kick misses the crimson imp.
The crimson imp hits you but does no damage.
You closely miss the crimson imp. You kick the crimson imp.
You kill the crimson imp!
Trog accepts your kill.
Your Axes skill increases to level 8!
No target in view!
No target in view!
No target in view!
No target in view!
You open the door.
There is an open door here.
You open the door.
There is an open door here.
As you open the door, it creaks loudly!
You hear a shout!
There is an open door here.
A centaur comes into view.
The centaur wields a shortbow.
The centaur shoots an arrow.
The arrow hits you.
You see here an arrow.
A centaur is nearby!
The centaur hits you with a shortbow.
A centaur is nearby!
You hit the centaur.
The centaur hits you but does no damage.
A centaur is nearby!
You hit the centaur.
The centaur hits you but does no damage.
You barely miss the centaur.
The centaur hits you but does no damage.
You hit the centaur but do no damage. You kick the centaur.
The centaur completely misses you. The centaur hits you with a shortbow.
You hit the centaur. The centaur hits you with a shortbow.
You completely miss the centaur. The centaur barely misses you.
You hit the centaur. The centaur hits you with a shortbow.
You hit the centaur. You kick the centaur, but do no damage.
The centaur hits you with a shortbow.
Your plate armour prevents you from hitting the centaur.
The centaur hits you but does no damage.
You closely miss the centaur. Your kick misses the centaur.
The centaur hits you with a shortbow. The centaur barely misses you.
You hit the centaur. You kick the centaur.
The centaur hits you but does no damage.
Your plate armour prevents you from hitting the centaur.
You kick the centaur, but do no damage. The centaur barely misses you.
You closely miss the centaur. You kick the centaur, but do no damage.
The centaur barely misses you.
You barely miss the centaur. You kick the centaur.
You kill the centaur!
Trog accepts your kill.
Things that are here:
a shortbow; 17 arrows; a centaur corpse You butcher the centaur corpse.
c - 4 chunks of flesh
Things that are here:
a shortbow; 17 arrows You start resting.
Found a stone staircase leading down.
An ogre comes into view. It is wielding a giant spiked club.
Found a scroll labeled XOVIRE TOWI.
An ogre is nearby!
The ogre hits you with a giant spiked club!
An ogre is nearby!
You hit the ogre. Your kick misses the ogre. You hit the ogre.
You kick the ogre, but do no damage.
The ogre hits you with a giant spiked club!!
You hit the ogre. You kick the ogre.
The ogre hits you with a giant spiked club!
* * * LOW HITPOINT WARNING * * *
You hit the ogre.
Your plate armour prevents you from hitting the ogre.
You kick the ogre.
The ogre hits you with a giant spiked club!
You die...

Action                   |  1- 3 |  4- 6 |  7- 9 || total
-------------------------+-------+-------+-------++-------
Melee: Hand axe          |   149 |   102 |    68 ||   319
       Quarterstaff      |       |    26 |       ||    26
Invok: Trog's Hand       |       |     6 |     1 ||     7
       Berserk           |       |     3 |     1 ||     4
  Use: Scroll            |     2 |       |     8 ||    10
       Potion            |     4 |       |       ||     4
  Eat: Chunk             |     3 |     3 |       ||     6
       Bread ration      |       |     1 |     2 ||     3
       Pizza             |       |     1 |       ||     1

Notes
Turn   | Place    | Note
--------------------------------------------------------------
     0 | D:1      | hexophile the Centaur Berserker began the quest for the Orb.
     0 | D:1      | Reached XP level 1. HP: 19/19 MP: 1/1
   252 | D:1      | HP: 3/19 [hobgoblin/club (5)]
   542 | D:1      | Reached XP level 2. HP: 23/26 MP: 2/2
  1076 | D:2      | Reached XP level 3. HP: 19/31 MP: 3/3
  1133 | D:2      | HP: 6/31 [poisoned by an adder]
  1134 | D:2      | Reached skill level 4 in Axes
  1434 | D:2      | Acquired Trog's second power
  1527 | D:2      | Found a blossoming altar of Fedhas.
  1881 | D:2      | Found an iron altar of Okawaru.
  2038 | D:3      | Found a basalt altar of Yredelemnul.
  2104 | D:3      | Reached XP level 4. HP: 30/38 MP: 4/4
  2363 | D:3      | Noticed Crazy Yiuf
  2376 | D:3      | Killed Crazy Yiuf
  2515 | D:3      | Reached skill level 5 in Axes
  3236 | D:4      | HP: 5/38 [iguana (4)]
  3240 | D:4      | Reached XP level 5. HP: 12/45 MP: 5/5
  3427 | D:4      | Noticed graki42's ghost (average HaBe)
  3442 | D:4      | Killed graki42's ghost
  3442 | D:4      | Reached skill level 6 in Axes
  3442 | D:4      | Reached XP level 6. HP: 18/51 MP: 6/6
  3546 | D:4      | Noticed a phantom
  3598 | D:4      | Killed a phantom
  3613 | D:4      | Reached skill level 7 in Axes
  3613 | D:4      | HP: 10/51 [poisoned by a scorpion]
  3802 | D:4      | Reached XP level 7. HP: 53/57 MP: 7/7
  3834 | D:4      | Found Qudef's Assorted Antiques.
  3844 | D:4      | Bought a fuming emerald potion for 25 gold pieces
  3844 | D:4      | Bought a scroll labeled LEIDWE ORREFIR for 28 gold pieces
  4112 | D:5      | Entered Level 5 of the Dungeon
  4140 | D:5      | Found an opulent altar of Gozag.
  4154 | D:5      | HP: 9/57 [ice beast (13)]
  4159 | D:5      | HP: 10/57 [ice beast (4)]
  4159 | D:5      | HP: 3/57 [ice beast (7)]
  4385 | D:5      | Reached skill level 8 in Axes
  4534 | D:5      | HP: 10/57 [ogre/giant spiked club (17)]
  4536 | D:5      | Mangled by an ogre

Table legend:
 A = Turns spent in this place as a percentage of turns spent in the entire game.
 B = Non-inter-level travel turns spent in this place as a percentage of non-inter-level travel turns spent in the entire game.
 C = Inter-level travel turns spent in this place as a percentage of turns spent in this place.
 D = Turns resting spent in this place as a percentage of non-inter-level travel turns spent in this place.
 E = Turns spent auto-exploring this place as a percentage of non-inter-level travel turns spent in this place.
 F = Non-inter-level travel turns spent in this place divided by the number of levels of this place that you've seen.
                   A       B       C       D       E      F
               +-------+-------+-------+-------+-------+----------------------
         Total | 100.0 | 100.0 |   0.3 |   4.1 |  10.3 | 250.6
       Dungeon | 100.0 | 100.0 |   0.3 |   4.1 |  10.3 | 250.6
               +-------+-------+-------+-------+-------+----------------------

Table legend:
 A = Kills in this place as a percentage of kills in entire the game.
 B = Kills by you in this place as a percentage of kills by you in the entire game.
 C = Kills by friends in this place as a percentage of kills by friends in the entire game.
 D = Other kills in this place as a percentage of other kills in the entire game.
 E = Experience gained in this place as a percentage of experience gained in the entire game.
 F = Experience gained in this place divided by the number of levels of this place that you have seen.
                   A       B       C       D       E      F
               +-------+-------+-------+-------+-------+----------------------
         Total | 100.0 | 100.0 |  -nan |  -nan | 100.0 | 222.2
       Dungeon | 100.0 | 100.0 |  -nan |  -nan | 100.0 | 222.2
               +-------+-------+-------+-------+-------+----------------------

Vanquished Creatures
  The ghost of graki42 the Cutter, an average HaBe of Trog (D:4)
  An ice beast (D:5)
  A centaur (D:5)
  A phantom (D:4)
  A scorpion (D:4)
  A crimson imp (D:5)
  A hound (D:5)
  Crazy Yiuf (D:3)
  An iguana (D:4)
  An orc wizard (D:4)
  6 adders
  A shadow imp (D:3)
  2 worms (D:3)
  4 giant geckos
  3 orcs (D:4)
  4 giant cockroaches
  4 hobgoblins
  10 kobolds
  3 quokkas
  A ball python (D:1)
  10 bats
  A giant gecko skeleton (D:4)
  3 giant newts
  5 goblins
  7 rats
74 creatures vanquished.
